 Dungeon Crawl Stone Soup version 0.19.1-1-g22dce08 (webtiles) character file.

310406 aspy the Shatterer (level 21, -3/241 HPs)
             Began as an Ogre Abyssal Knight on Jan 7, 2017.
             Was a Priest of Lugonu.
             Killed from afar by a deep elf sorcerer (43 damage)
             ... with a bolt of acid
             ... led by an ironheart preserver
             ... on level 4 of the Vaults on Jan 8, 2017.
             The game lasted 05:02:48 (65732 turns).

aspy the Shatterer (Ogre Abyssal Knight)           Turns: 65732, Time: 05:02:48

Health: -3/241     AC: 21    Str: 26    XL:     21   Next: 62%
Magic:  35/35      EV: 15    Int: 12    God:    Lugonu [***...]
Gold:   343        SH:  0    Dex: 15    Spells: 1 memorised, 18 levels left

rFire  + + .     SeeInvis .     a - +4 giant club
rCold  . . .     Gourm    .     T - +0 fire dragon scales
rNeg   . . .     Faith    +     (shield currently unavailable)
rPois  +         Spirit   .     M - +2 hat
rElec  .         Reflect  .     R - +2 cloak {rPois}
rCorr  .         Harm     .     (gloves unavailable)
MR     ++...                    (boots unavailable)
Stlth  ..........               G - amulet of faith
                                j - +4 ring of protection
                                Y - ring "Dekaeteu" {Wiz rC+ Str+3}

@: about to teleport
A: unfitting armour, tough skin 1
a: Depart the Abyss, Bend Space, Banish, Renounce Religion
}: 1/15 runes: decaying


You were on level 4 of the Vaults.
You worshipped Lugonu.
Lugonu was most pleased with you.
You were not hungry.

You visited 7 branches of the dungeon, and saw 36 of its levels.
You visited the Abyss 1 time.
You also visited: Trove and Sewer.

You collected 3736 gold pieces.
You spent 3393 gold pieces at shops.

Inventory:

Hand Weapons
 a - a +4 giant club (weapon)
Missiles
 I - 43 large rocks (quivered)
Armour
 M - a +2 hat (worn)
 R - a +2 cloak of poison resistance (worn)
 T - +0 fire dragon scales (worn)
 W - +2 steam dragon scales
Jewellery
 b - the ring of Shadows {Umbra +Inv Stlth+}
   (You found it on level 5 of the Lair of Beasts)

   [ring of stealth]

   It lets you turn invisible.
   It makes you more stealthy.
 j - a +4 ring of protection (right hand)
 o - an uncursed ring of see invisible
 s - an uncursed ring of protection from magic
 y - an uncursed ring of resist corrosion
 G - an amulet of faith (around neck)
 X - an uncursed ring of protection from fire
 Y - the ring "Dekaeteu" (left hand) {Wiz rC+ Str+3}
   (You found it in a treasure trove)

   [ring of wizardry]

   It improves your spell success rate.
   It affects your strength (+3).
   It protects you from cold.
Wands
 w - a wand of digging (12/24)
 E - a wand of heal wounds (4/9)
 H - a wand of heal wounds (0/9)
 U - a wand of teleportation (5/9)
Scrolls
 d - 7 scrolls of fog
 f - 5 scrolls of enchant armour
 g - 16 scrolls of remove curse
 k - a scroll of fear
 l - 3 scrolls of holy word
 n - 7 scrolls of teleportation
 p - 4 scrolls of amnesia
 r - 5 scrolls of magic mapping
 u - a scroll of torment
 A - 2 scrolls of recharging
 Q - 4 scrolls of vulnerability
 S - a scroll of summoning
 V - 2 scrolls of silence
Potions
 i - 8 potions of flight
 m - 4 potions of agility
 t - 6 potions of resistance
 v - 3 potions of haste
 x - 6 potions of curing
 z - 3 potions of might
 B - 3 potions of heal wounds
 C - 2 potions of magic
 F - 2 potions of invisibility
 K - 3 potions of cancellation
 N - 4 potions of brilliance
 O - 4 potions of cure mutation
Miscellaneous
 e - 2 phantom mirrors
Comestibles
 c - 20 bread rations
 q - 2 royal jellies
 D - 9 beef jerkies
 J - 12 slices of pizza
 P - 23 fruits


   Skills:
 - Level 21.0 Fighting
 + Level 22.0 Maces & Flails
 - Level 5.0 Throwing
 + Level 7.8 Armour
 - Level 12.5 Dodging
 - Level 4.0 Charms
 - Level 3.8 Air Magic
 + Level 20.6 Invocations
 - Level 5.0 Evocations


You had 18 spell levels left.
You knew the following spells:

 Your Spells              Type           Power        Failure   Level  Hunger
m - Repel Missiles        Chrm/Air       #.....       12%         2    ###....


Dungeon Overview and Level Annotations

Branches:
Dungeon (15/15)            Temple (1/1) D:5            Lair (6/6) D:9
  Swamp (4/4) Lair:3       Spider (4/4) Lair:2        Slime (0/5) Lair:5
    Orc (2/2) D:11            Elf (0/3) Orc:2        Vaults (4/5) D:13
  Crypt (0/3) Vaults:3     Depths (0/5) D:15

Altars:
Ashenzari
Cheibriados
Dithmenos
Elyvilon
Fedhas
Gozag
Hepliaklqana
Kikubaaqudgha
Makhleb
Nemelex Xobeh
Okawaru
Qazlal
Ru
Sif Muna
Trog
Uskayaw
Vehumet
Xom
Yredelemnul
Zin
The Shining One
Beogh
Jiyva

Shops:
D:7 :   D:9 %   Orc:1 %   Orc:2 ([!!   Vaults:2 !:}*=

Portals:
Hell: Lair:6

Annotations:
D:9 exclusion: ice statue
Lair:6 corrupted
Swamp:2 exclusion: ghost crab
Swamp:4 Lernaean hydra
Spider:4 Mara
Abyss:1 Arachne; Bai Suzhen; Edmund; Erolcha; Menkaure; Saint Roka


Innate Abilities, Weirdness & Mutations

You are too large for most types of armour.
You have tough skin. (AC +1)


Message History

Your surroundings suddenly seem different.
A deep elf knight comes into view. It is wielding a short sword.
The deep elf knight shouts!
The deep elf sorcerer shouts!
The yaktaur wields an arbalest.
The yaktaur shoots a bolt.
The bolt hits you!!
* * * LOW HITPOINT WARNING * * *
You see here a bolt.
As you read the scroll of teleportation, it crumbles to dust.
You feel strangely unstable.
The deep elf sorcerer gestures at you while chanting.
The bolt of acid hits you!
* * * LOW HITPOINT WARNING * * *
You are splashed with acid!
The acid burns!
* * * LOW HITPOINT WARNING * * *
Evoke which item? (* to show all) (? for menu, Esc to quit)
Zapping:
E - a wand of heal wounds (5/9)
Press: ? - help, Shift-Dir - straight line, f - you You feel much better.
This wand has 4 charges left.
The deep elf sorcerer points at you and mumbles some strange words.
The bolt of acid hits you!
You die...

#####..#....#
#..............
#......(....#
#.....#########
#....#.(###### #.....#
#......((#.#.# #.....#
#####..(.e...# #.....#
######'######.....#
#......#.....# #######
#....e.#.....###.....#
#....@.#.....##c......
#....).#.....#.#((.(.#
#....(((...(.#..#####)
#......#.....'.c#####(
#......#.....#.#.....#
########)....##c.....(
#############)....#.#.....#
#.#.#...#.#.'....c#..#####.
##.#.#.#.#.##.....#..#####.


You could see a deep elf sorcerer, a deep elf knight and a yaktaur.

Vanquished Creatures
  A tentacled monstrosity (Swamp:4)
  Rupert (Lair:4)
  2 thorn hunters
  A sphinx (Vaults:4)
  A tengu reaver (Vaults:4)
  2 fire giants (Vaults:3)
  6 vault wardens
  A frost giant (Vaults:3)
  2 emperor scorpions
  8 ironheart preservers
  A vampire knight (Vaults:3)
  6 stone giants
  3 deep elf annihilators
  A dire elephant (Lair:6)
  A deep elf death mage (Vaults:2)
  A crystal guardian (Vaults:4)
  7 yaktaur captains
  5 fire dragons
  2 ice dragons
  3 vault guards
  A rakshasa (D:14)
  17 hydras
  4 centaur warriors
  8 ogre magi
  9 alligators
  2 deep troll earth magi
  4 deep troll shamans
  2 shadow wraiths
  4 deep elf knights
  A sun demon (Lair:6)
  20 skeletal warriors
  A flayed ghost (Vaults:1)
  10 deep trolls
  3 spriggan druids
  2 glowing orange brains
  3 unseen horrors
  A shambling mangrove (Swamp:1)
  5 deep elf archers
  8 swamp dragons
  9 hill giants
  4 ironbrand convokers
  8 orc knights
  A phantasmal warrior (Vaults:3)
  2 orc sorcerers (Orc:2)
  14 deep elf magi
  19 orb spiders
  26 wolf spiders
  A wizard (Lair:6)
  6 ugly things
  8 cyclopes
  2 manticores
  14 elephants
  5 black mambas
  2 vault sentinels (Vaults:1)
  2 orange demons (Lair:6)
  A smoke demon (Lair:6)
  A molten gargoyle (Lair:4)
  A gargoyle (D:14)
  2 torpor snails
  18 spiny frogs
  5 rime drakes
  3 ice devils
  28 yaktaurs
  6 komodo dragons
  5 freezing wraiths
  13 demonic crawlers
  3 meliai (D:13)
  2 red devils (Lair:6)
  A queen bee (shapeshifter) (Vaults:2)
  8 trolls
  58 jumping spiders
  A two-headed ogre (shapeshifter) (D:15)
  5 tyrant leeches
  21 blink frogs
  13 two-headed ogres
  56 slime creatures
  17 hornets
  9 hippogriffs
  11 dream sheep
  A hippogriff (shapeshifter) (D:15)
  A blink frog (shapeshifter) (Vaults:4)
  21 bog bodies
  31 tarantellas
  112 redbacks
  8 spriggans
  5 humans (D:6)
  3 water elementals (D:12)
  78 yaks
  2 wraiths
  A basilisk (Lair:5)
  3 wyverns
  A golden eye (shapeshifter) (Vaults:4)
  A steam dragon (Lair:3)
  3 hungry ghosts
  15 vampire mosquitoes
  6 wargs
  A mottled dragon (Vaults:1)
  14 swamp worms
  3 hell hounds
  18 water moccasins
  7 porcupines
  Purgy (Sewer)
  A black bear (D:11)
  4 sky beasts
  A hornet zombie (D:11)
  A floating eye (shapeshifter) (Vaults:1)
  4 ice beasts
  15 swamp drakes
  56 orc warriors
  9 boggarts
  41 ogres
  2 phantoms
  10 wolves (Lair:6)
  12 crocodiles
  16 centaurs
  A crocodile (shapeshifter) (Vaults:4)
  7 big kobolds
  15 bullfrogs
  2 wyvern zombies
  2 wyvern skeletons
  A water moccasin zombie (D:8)
  7 scorpions
  5 killer bees (D:12)
  A human simulacrum (Vaults:1)
  A howler monkey (D:12)
  3 wights (D:15)
  4 electric eels
  8 crimson imps
  A lava snake (D:9)
  3 bullfrog zombies
  A quasit (D:10)
  A wyvern simulacrum (D:14)
  5 centaur zombies
  7 hounds
  3 jellies
  31 orc priests
  2 bullfrog skeletons
  3 centaur skeletons
  3 iguanas
  14 worker ants
  31 orc wizards
  A hound zombie (D:10)
  2 hound skeletons
  A worker ant zombie (D:10)
  10 gnolls
  8 adders
  2 shadow imps
  A howler monkey simulacrum (D:10)
  An ooze (D:3)
  An adder zombie (D:6)
  2 adder skeletons
  A worm (D:5)
  2 dart slugs
  4 leopard geckos
  161 orcs
  9 giant cockroaches
  6 hobgoblins
  14 jackals
  28 kobolds
  4 quokkas
  5 ball pythons
  8 bats
  7 frilled lizards
  6 goblins
  A jackal zombie (D:7)
  A leopard gecko skeleton (D:4)
  11 rats
  2 briar patches (Swamp:3)
  A fungus (Lair:4)
1541 creatures vanquished.

Vanquished Creatures (others)
  A tengu reaver (Vaults:4)
  2 vault wardens
  An emperor scorpion (Spider:2)
  A stone giant (Vaults:4)
  7 entropy weavers
  2 dire elephants (Lair:6)
  2 spark wasps
  An ettin (Vaults:4)
  2 yaktaur captains (Vaults:4)
  2 ogre magi (Vaults:2)
  6 hydras
  A centaur warrior (Vaults:4)
  A ghost crab (shapeshifter) (Vaults:3)
  The ghost of theAP the Devastator, a journeyman DECj of Vehumet (D:13)
  2 death knights (Vaults:3)
  An alligator (Swamp:3)
  The ghost of Paps the Basher, a novice TrFi (D:8)
  A sixfirhy (Lair:6)
  An unseen horror (D:15)
  A hill giant (D:13)
  3 swamp dragons (Swamp:4)
  10 ironbrand convokers
  4 orb spiders
  6 orc knights
  10 wolf spiders
  A manticore (D:15)
  6 ugly things
  A salamander (D:15)
  A deep elf mage (Vaults:4)
  A cyclops (D:12)
  4 vault sentinels
  A centaur zombie (D:10)
  2 spiny frogs (Lair:6)
  2 gargoyles
  A yaktaur (Vaults:2)
  A freezing wraith (Vaults:4)
  2 trolls
  3 jumping spiders (Spider:1)
  9 slime creatures
  15 blink frogs
  A hippogriff (Lair:6)
  3 redbacks
  14 yaks
  19 tarantellas
  3 vampires
  5 basilisks
  2 vampire mosquitoes
  2 mottled dragons (D:14)
  An orc warrior (D:6)
  2 ice beasts
  An ogre (D:4)
  3 boggarts
  2 crocodiles (Lair:6)
  3 electric eels (D:12)
  A jelly (D:5)
  An orc priest (D:5)
  An orc (D:11)
  A briar patch (Swamp:3)
  A bush (Swamp:4)
  21 fungi
  21 plants
228 creatures vanquished.

Grand Total: 1769 creatures vanquished

Notes
Turn   | Place    | Note
-------+----------+-------------------------------------------
     0 | Abyss:1  | aspy the Ogre Abyssal Knight began the quest for the Orb.
     0 | Abyss:1  | Reached XP level 1. HP: 24/24 MP: 2/2
     0 | D:1      | Escaped the Abyss
   125 | D:1      | Reached skill level 3 in Maces & Flails
   223 | D:1      | Reached XP level 2. HP: 32/32 MP: 3/3
   363 | D:1      | Reached * piety under Lugonu
   368 | D:1      | Reached skill level 4 in Maces & Flails
   779 | D:2      | Found a faded altar of an unknown god.
   950 | D:2      | Reached XP level 3. HP: 36/39 MP: 4/4
  1152 | D:2      | Found a burning altar of Makhleb.
  1161 | D:2      | Reached skill level 5 in Maces & Flails
  1296 | D:2      | Found a sparkling altar of Nemelex Xobeh.
  1296 | D:2      | Found a white marble altar of Elyvilon.
  1309 | D:2      | Found a basalt altar of Yredelemnul.
  1482 | D:2      | Reached XP level 4. HP: 48/48 MP: 5/5
  1829 | D:2      | Found a glowing golden altar of the Shining One.
  2257 | D:3      | Found a glowing drain.
  2272 | D:3      | Reached ** piety under Lugonu
  2392 | Sewer    | Entered a sewer
  2555 | Sewer    | Noticed Purgy
  2564 | Sewer    | Killed Purgy
  2564 | Sewer    | Reached skill level 6 in Maces & Flails
  2564 | Sewer    | Reached XP level 5. HP: 54/54 MP: 5/7
  2875 | D:3      | Found a deep blue altar of Sif Muna.
  3658 | D:3      | Reached skill level 7 in Maces & Flails
  3658 | D:3      | Reached skill level 1 in Throwing
  3658 | D:3      | Reached XP level 6. HP: 62/62 MP: 8/8
  4109 | D:5      | Entered Level 5 of the Dungeon
  4211 | D:5      | Found a sacrificial altar of Ru.
  4332 | D:5      | Found a staircase to the Ecumenical Temple.
  4338 | D:5      | Found an opulent altar of Gozag.
  4344 | Temple   | Entered the Ecumenical Temple
  4432 | D:5      | Reached skill level 8 in Maces & Flails
  4432 | D:5      | Reached XP level 7. HP: 70/70 MP: 9/9
  4867 | D:4      | Noticed a moth of wrath
  4870 | D:4      | Found a bloodstained altar of Trog.
  4902 | D:4      | Reached *** piety under Lugonu
  5126 | D:4      | Found an iron altar of Okawaru.
  5127 | D:4      | Found a hazy altar of Hepliaklqana.
  5129 | D:4      | Found a shimmering altar of Xom.
  5388 | D:4      | Reached skill level 9 in Maces & Flails
  5502 | D:4      | Reached XP level 8. HP: 78/78 MP: 11/11
  5655 | D:4      | Reached skill level 5 in Invocations
  5822 | D:5      | Reached skill level 10 in Maces & Flails
  6712 | D:6      | Reached skill level 11 in Maces & Flails
  7152 | D:6      | Noticed Menkaure
  7173 | D:6      | Reached skill level 5 in Fighting
  7284 | D:6      | Reached XP level 9. HP: 84/88 MP: 13/13
  7391 | D:6      | Banished Menkaure
  7444 | D:6      | Reached skill level 12 in Maces & Flails
  7659 | D:6      | Noticed Edmund
  7660 | D:6      | Banished Edmund
  7861 | D:7      | Found Ajulaen's Book Shoppe.
  8658 | D:8      | Noticed Paps's ghost (novice TrFi)
  8660 | D:8      | Banished Paps's ghost
  8660 | D:8      | Reached skill level 13 in Maces & Flails
  9173 | D:8      | Reached XP level 10. HP: 99/104 MP: 15/15
  9223 | D:8      | Noticed a three-headed hydra
  9680 | D:8      | Killed a three-headed hydra
  9680 | D:8      | Reached skill level 14 in Maces & Flails
 10033 | D:8      | Found a roughly hewn altar of Beogh.
 10511 | D:9      | Found a staircase to the Lair.
 10747 | D:9      | Noticed a gargoyle
 10752 | D:9      | Banished a gargoyle
 11101 | D:9      | Reached skill level 15 in Maces & Flails
 11102 | D:9      | Noticed an ice statue
 11357 | D:9      | Found Sasauff's Food Boutique.
 11611 | D:10     | Entered Level 10 of the Dungeon
 11640 | D:10     | Reached XP level 11. HP: 87/115 MP: 17/17
 11872 | D:10     | Noticed a hill giant
 11910 | Lair:1   | Entered Level 1 of the Lair of Beasts
 12126 | Lair:1   | Found a frozen archway.
 12149 | Lair:1   | Reached **** piety under Lugonu
 12149 | Lair:1   | Reached skill level 10 in Fighting
 13034 | Lair:1   | Reached skill level 16 in Maces & Flails
 13632 | Lair:2   | Found a hole to the Spider Nest.
 13853 | Lair:2   | Reached skill level 5 in Dodging
 13895 | Lair:2   | Noticed a six-headed hydra
 13897 | Lair:2   | Banished a six-headed hydra
 14613 | Lair:2   | Reached XP level 12. HP: 113/130 MP: 19/19
 14877 | Lair:2   | Reached skill level 10 in Invocations
 15191 | Lair:3   | Found a staircase to the Swamp.
 16011 | Lair:4   | Noticed Rupert
 16238 | Lair:4   | Noticed an eight-headed hydra
 16240 | Lair:4   | Banished an eight-headed hydra
 16610 | Lair:5   | Found a viscous altar of Jiyva.
 17151 | Lair:5   | Reached skill level 17 in Maces & Flails
 17703 | Lair:5   | Found a staircase to the Slime Pits.
 17927 | Lair:5   | Got a steaming robe
 17945 | Lair:6   | Entered Level 6 of the Lair of Beasts
 17978 | Lair:6   | Reached XP level 13. HP: 117/144 MP: 21/21
 18755 | Lair:6   | Reached skill level 18 in Maces & Flails
 19118 | Lair:6   | Noticed a dire elephant
 19475 | Lair:6   | Noticed a dire elephant
 19496 | Lair:6   | Noticed a dire elephant
 19497 | Lair:6   | Corrupted Lair:6
 19497 | Lair:6   | Noticed a starcursed mass
 19497 | Lair:6   | Noticed a starcursed mass
 19505 | Lair:6   | Noticed a bone dragon
 19507 | Lair:6   | Killed a dire elephant
 19553 | Lair:6   | Killed a dire elephant
 19555 | Lair:6   | Noticed a bone dragon
 19644 | Lair:6   | Killed a dire elephant
 20175 | Lair:6   | Found a burning altar of Makhleb.
 22276 | Lair:5   | Reached XP level 14. HP: 156/156 MP: 23/23
 22560 | Lair:6   | Found a gateway to Hell.
 22647 | Lair:6   | Reached skill level 19 in Maces & Flails
 23357 | D:9      | Identified the +2 robe of Purpose {rC+ MR- Int+2 Dex+3} (You found it on level 5 of the Lair of Beasts)
 23843 | D:9      | Reached skill level 1 in Evocations
 23965 | D:10     | Found a portal to a secret trove of treasure.
 24653 | D:11     | Found a roughly hewn altar of Beogh.
 24679 | D:11     | Found a staircase to the Orcish Mines.
 25621 | D:12     | Reached ***** piety under Lugonu
 25689 | D:12     | Reached skill level 15 in Fighting
 27844 | D:13     | Found a gate to the Vaults.
 28132 | D:13     | Reached XP level 15. HP: 160/169 MP: 24/24
 28290 | D:13     | Noticed theAP's ghost (journeyman DECj)
 31100 | D:15     | Entered Level 15 of the Dungeon
 31507 | D:15     | Reached skill level 10 in Dodging
 31788 | D:15     | Reached skill level 5 in Evocations
 32718 | D:15     | Found a staircase to the Depths.
 32863 | Orc:1    | Entered Level 1 of the Orcish Mines
 33071 | Orc:2    | Entered Level 2 of the Orcish Mines
 33473 | Orc:1    | Found Latakun's Food Shop.
 33646 | Orc:2    | Found a roughly hewn altar of Beogh.
 33689 | Orc:2    | Found a staircase to the Elven Halls.
 34228 | Orc:2    | Found a roughly hewn altar of Beogh.
 34251 | Orc:2    | Noticed Erolcha
 34335 | Orc:2    | Found a roughly hewn altar of Beogh.
 34346 | Orc:2    | Found Futiff's Distillery.
 34410 | Orc:2    | Bought a potion of haste for 130 gold pieces
 34539 | Orc:2    | Found a roughly hewn altar of Beogh.
 34642 | Orc:2    | Banished Erolcha
 34804 | Orc:2    | Found a roughly hewn altar of Beogh.
 34809 | Orc:2    | Found Ocock's Distillery.
 35039 | Orc:2    | Noticed Saint Roka
 35064 | Orc:2    | Banished Saint Roka
 35277 | Orc:2    | Found Ketu's Antique Armour Emporium.
 35278 | Orc:2    | Found a roughly hewn altar of Beogh.
 35291 | Orc:2    | Found Uggistra's Antique Weapon Shoppe.
 35451 | D:7      | Bought the Compendium of the Entourage for 2381 gold pieces
 35509 | D:10     | You paid a toll of the Compendium of the Entourage to enter a treasure trove
 35510 | Trove    | Entered a treasure trove
 35554 | Trove    | Got a translucent bone ring
 35561 | Trove    | Got a coiled iron ring
 35575 | Trove    | Identified the ring "Dekaeteu" {Wiz rC+ Str+3} (You found it in a treasure trove)
 35608 | Trove    | Got a creamy pearl robe
 35652 | D:10     | Identified the ring "Tekkifuf" {+Blink rPois MR- Int+2 Dex+3} (You found it in a treasure trove)
 35789 | Spider:1 | Entered Level 1 of the Spider Nest
 36127 | Spider:1 | Reached XP level 16. HP: 180/180 MP: 26/26
 36198 | Spider:1 | Reached skill level 20 in Maces & Flails
 37119 | Spider:1 | Reached skill level 15 in Invocations
 38045 | Spider:2 | Noticed Arachne
 38045 | Spider:2 | Banished Arachne
 41108 | Spider:3 | Reached XP level 17. HP: 120/193 MP: 29/29
 41914 | Spider:3 | Reached skill level 21 in Maces & Flails
 42251 | Spider:4 | Entered Level 4 of the Spider Nest
 42276 | Spider:4 | Learned a level 2 spell: Repel Missiles
 43137 | Spider:3 | Reached skill level 1 in Charms
 43157 | Spider:3 | Reached skill level 1 in Air Magic
 43845 | Spider:4 | Noticed Mara
 46526 | Swamp:1  | Entered Level 1 of the Swamp
 47331 | Swamp:1  | Reached XP level 18. HP: 166/204 MP: 30/30
 48656 | Swamp:2  | Reached XP level 19. HP: 148/213 MP: 32/32
 51312 | Swamp:3  | Got an ancient shield
 51491 | Swamp:3  | Identified the +8 shield of Lierah {Dex+6} (You found it on level 3 of the Swamp)
 51731 | Swamp:4  | Entered Level 4 of the Swamp
 51838 | Swamp:4  | Paralysed by a hornet for 1 turns
 52395 | Swamp:4  | Noticed a tentacled monstrosity
 52412 | Swamp:4  | Killed a tentacled monstrosity
 52778 | Swamp:4  | Noticed Bai Suzhen
 52785 | Swamp:4  | Banished Bai Suzhen
 53121 | Swamp:4  | Noticed the 27-headed Lernaean hydra
 53314 | Swamp:4  | Got a decaying rune of Zot
 54039 | Lair:4   | Killed Rupert
 54446 | Vaults:1 | Entered Level 1 of the Vaults
 55385 | D:13     | Banished theAP's ghost
 55650 | Vaults:1 | Reached skill level 1 in Armour
 55928 | Vaults:1 | Reached XP level 20. HP: 213/227 MP: 33/33
 58200 | Vaults:2 | Found Vyecaik's Distillery.
 58207 | Vaults:2 | Bought a potion of agility for 68 gold pieces
 58207 | Vaults:2 | Bought a potion of resistance for 170 gold pieces
 58207 | Vaults:2 | Bought a potion of haste for 170 gold pieces
 58207 | Vaults:2 | Bought a potion of might for 68 gold pieces
 58207 | Vaults:2 | Bought a potion of magic for 136 gold pieces
 58733 | Vaults:2 | Found Vemuemuf's Jewellery Boutique.
 58740 | Vaults:2 | Bought an uncursed ring of see invisible for 270 gold pieces
 59046 | Vaults:2 | Found Ycuthy's Book Shop.
 59820 | Vaults:2 | Found Jiruo's Assorted Antiques.
 59825 | Vaults:2 | Found Uthas's Gadget Shop.
 60467 | Vaults:2 | Reached skill level 5 in Armour
 62104 | Vaults:3 | Found a staircase to the Crypt.
 62118 | Vaults:3 | Reached XP level 21. HP: 71/239 MP: 35/35
 63194 | Vaults:3 | Reached skill level 5 in Throwing
 65045 | Vaults:4 | Identified 2 scrolls of acquirement
 65318 | Vaults:4 | Found an opulent altar of Gozag.
 65599 | Vaults:4 | Reached skill level 22 in Maces & Flails
 65732 | Vaults:4 | Killed from afar by a deep elf sorcerer

Skill      XL: |  1  2  3  4  5  6  7  8  9 10 11 12 13 14 15 16 17 18 19 20 21 |
---------------+----------------------------------------------------------------+-----
Maces & Flails | 3 4 5 6 7 8 9 11 13 15 16 17 18 19 20 21 22 | 22.0
Invocations    | 3 4 5 7 8 9 11 12 14 16 17 18 19 20 | 20.6
Throwing       | 1 4 5 |  5.0
Dodging        | 3 5 7 8 9 10 11 12 | 12.5
Fighting       | 5 7 9 11 13 14 15 16 18 19 20 21 | 21.0
Evocations     | 3 5 |  5.0
Charms         | 3 4 |  4.0
Air Magic      | 3 |  3.8
Armour         | 1 6 7 |  7.8

Action                   |  1- 3 |  4- 6 |  7- 9 | 10-12 | 13-15 | 16-18 | 19-21 || total
-------------------------+-------+-------+-------+-------+-------+-------+-------++-------
Melee: Mace              |    90 |   142 |       |       |       |       |       ||   232
       Morningstar       |       |    22 |   111 |       |       |       |       ||   133
       Giant club        |       |       |   166 |   483 |  1747 |  1183 |  1508 ||  5087
Throw: Stone             |     2 |       |       |       |       |       |       ||     2
       Javelin           |       |    10 |    47 |    77 |    49 |       |       ||   183
       Large rock        |       |       |       |       |    23 |    81 |    70 ||   174
 Cast: Repel Missiles    |       |       |       |       |       |     1 |    16 ||    17
Invok: Depart the Abyss  |     1 |       |       |       |       |       |       ||     1
       Banish            |       |       |    11 |    20 |    65 |    58 |    76 ||   230
       Corrupt           |       |       |       |       |     1 |       |       ||     1
 Abil: Evoke Invisibilit |       |       |       |       |     1 |     6 |       ||     7
Evoke: Wand              |       |       |       |       |       |     1 |    11 ||    12
  Use: Scroll            |       |     5 |     4 |    10 |    15 |    12 |    21 ||    67
       Potion            |       |     2 |       |     2 |     6 |     8 |     5 ||    23
 Stab: Sleeping          |     1 |     1 |     1 |     2 |    17 |     6 |       ||    28
       Invisible         |       |       |       |     5 |     6 |    10 |       ||    21
       Distracted        |       |       |       |       |     6 |     8 |     4 ||    18
  Eat: Chunk             |     2 |     4 |    18 |    24 |    37 |    16 |    34 ||   135
       Meat ration       |       |     1 |       |     2 |    10 |     8 |     5 ||    26
       Fruit             |       |       |       |     1 |     3 |     3 |     2 ||     9
       Bread ration      |       |       |       |       |       |       |     4 ||     4
       Pizza             |       |       |       |       |       |       |     1 ||     1
Armor: Robe              |    33 |    48 |    45 |    50 |   165 |       |       ||   341
       Skin              |       |    18 |       |       |       |       |       ||    18
       Steam dragon scal |       |       |       |    35 |    99 |   523 |   187 ||   844
       Fire dragon scale |       |       |       |       |       |       |   305 ||   305
Dodge: Dodged            |    56 |    74 |   114 |   189 |  1024 |  1083 |   859 ||  3399
       Deflected         |       |       |       |       |       |       |    45 ||    45
